 Dungeon Crawl Stone Soup version 0.27.1-34-g3ba077fa99 (webtiles) character file.

Game seed: 448116415031392149

8228 ticklebelly the Cleaver (level 11, -1/157 HPs)
             Began as a Minotaur Berserker on Jan 6, 2022.
             Was a High Priest of Trog.
             Succumbed to a cane toad's poison
             ... on level 1 of the Lair of Beasts.
             The game lasted 00:21:26 (12166 turns).

ticklebelly the Cleaver (Minotaur Berserker)       Turns: 12166, Time: 00:21:27

Health: -1/157     AC: 14    Str: 24    XL:     11   Next: 7%
Magic:  10/10      EV: 10    Int:  4    God:    Trog [*****.]
Gold:   478        SH: 12    Dex: 11    Spells: 10/10 levels left

rFire    . . .     SeeInvis .   t - +0 war axe
rCold    . . .     Faith    .   K - +2 buckler
rNeg     . . .     Spirit   .   C - +0 shadow dragon scales
rPois    .         Reflect  +   (helmet restricted)
rElec    .         Harm     .   (no cloak)
rCorr    .         Rampage  .   s - +0 pair of gloves
Will     ++...                  (no boots)
Stlth    ..........             p - amulet of reflection
HPRegen  1.36/turn              G - ring of flight
MPRegen  0.12/turn              (no ring)

@: berserking, lethally poisoned (-1 -> -12), strong-willed, flying,
regenerating, very quick
A: horns 2, retaliatory headbutt
a: Renounce Religion, Berserk, Trog's Hand, Brothers in Arms


You were on level 1 of the Lair of Beasts.
You worshipped Trog.
Trog was extremely pleased with you.
You visited 2 branches of the dungeon, and saw 11 of its levels.
You also visited: Ossuary.

You collected 478 gold pieces.

Inventory:

Hand Weapons
 c - a +2 flail of draining
 t - a +0 war axe (weapon)
Missiles
 l - 11 boomerangs (quivered)
 L - 13 javelins
Armour
 m - a +0 plate armour
 o - a +0 scale mail
 s - a +0 pair of gloves (worn)
 A - a +0 kite shield
 C - +0 shadow dragon scales (worn)
 K - a +2 buckler (worn)
Jewellery
 p - an amulet of reflection (around neck)
 D - a ring of resist corrosion
 G - a ring of flight (left hand)
Wands
 u - a wand of iceblast (6)
Scrolls
 b - 2 scrolls of fog {unknown}
 e - 10 scrolls of identify {unknown}
 g - 2 scrolls of brand weapon {unknown}
 h - 2 scrolls of noise {unknown}
 n - 2 scrolls of vulnerability {unknown}
 v - 6 scrolls of teleportation {unknown}
 w - 2 scrolls of summoning {unknown}
 y - 3 scrolls of immolation {unknown}
 E - a scroll of amnesia {unknown}
 J - 3 scrolls of enchant weapon {unknown}
Potions
 a - 2 potions of brilliance {unknown}
 d - a potion of attraction {unknown}
 f - a potion of might {unknown}
 i - 2 potions of invisibility {unknown}
 j - 4 potions of haste {unknown}
 k - 3 potions of ambrosia {unknown}
 q - a potion of heal wounds {unknown}
 r - 5 potions of curing {unknown}
 x - 2 potions of berserk rage {unknown}
 z - 2 potions of flight {unknown}
 B - a potion of magic {unknown}
 F - 2 potions of mutation {unknown}
 H - a potion of lignification {unknown}
 I - a potion of resistance {unknown}


   Skills:
 + Level 12.5 Fighting
 + Level 12.5 Axes
 - Level 8.0 Armour
 - Level 6.0 Dodging
 + Level 4.4 Shields


You had 10 spell levels left.
You didn't know any spells.
Your spell library was empty.

Dungeon Overview and Level Annotations

Branches:
Dungeon (10/15)            Temple (0/1) D:5            Lair (1/6) D:8
Ossuary (visited)
    Orc: D:9-12

Altars:
Ashenzari
Dithmenos
Hepliaklqana
Nemelex Xobeh
Qazlal
Ru
Sif Muna
Uskayaw
Wu Jian
Xom

Shops:
D:8 *   D:9 =


Innate Abilities, Weirdness & Mutations

You have a pair of horns on your head.
You reflexively headbutt those who attack you in melee.


Message History

The cane toad barely misses you.
You hit the cane toad but do no damage.
The cane toad is moderately wounded.
The cane toad stings you!
You barely miss the cane toad.
The cane toad is moderately wounded.
The cane toad stings you!
You closely miss the cane toad.
The cane toad is moderately wounded.
The cane toad stings you.
You barely miss the cane toad. You headbutt the cane toad!
The cane toad is heavily wounded.
The cane toad stings you!
You are poisoned.
The cane toad poisons you!
You slash the cane toad!
The cane toad is severely wounded.
You feel very sick. The cane toad stings you!
* * * LOW HITPOINT WARNING * * *
You are more poisoned.
The cane toad poisons you!
Your skin crawls.
You feel strong-willed.
* * * LOW HITPOINT WARNING * * *
You feel extremely sick. You block the cane toad's attack. x2
You hit the cane toad but do no damage.
The cane toad is severely wounded.
* * * LOW HITPOINT WARNING * * *
You feel very sick. The cane toad misses you. You furiously retaliate!
You headbutt the cane toad.
A red film seems to cover your vision as you go berserk!
You feel yourself moving faster!
You feel mighty!
* * * LOW HITPOINT WARNING * * *
You feel very sick. The cane toad closely misses you.
You hit the cane toad.
The cane toad is almost dead.
You die...

### .. ..##.P#####.#
. .............###.#
................$.
..................
..................
..................
..........@F......
...........†......
........####.....#
#....P....†##....##
.#....(......# ...#
........P(...##.....#
.......((............
...........(###.....#
...................P


You could see a cane toad.

Vanquished Creatures
  Urug (Lair:1)
  A komodo dragon (Lair:1)
  2 tengu conjurers (D:8)
  A troll (D:10)
  Grinder (D:5)
  A polar bear (Lair:1)
  Sigmund (D:6)
  A wraith (Ossuary)
  7 yaks
  3 wyverns
  Eustachio (D:5)
  A steam dragon (D:8)
  Edmund (D:5)
  2 water moccasins (Lair:1)
  Duvessa (D:5)
  2 sky beasts
  An ice beast (D:6)
  3 orc warriors
  2 black bears (D:5)
  2 necrophages
  5 ogres
  A centaur (D:8)
  A phantom (D:6)
  Blork the orc (D:6)
  2 kobold brigands
  5 bullfrogs
  3 scorpions
  Dowan (D:5)
  2 water moccasin skeletons (D:4)
  3 killer bees (D:8)
  4 howler monkeys
  2 centaur zombies
  2 bullfrog zombies (D:6)
  2 jellies (D:6)
  A gnoll shaman (D:3)
  8 orc priests
  2 centaur skeletons (D:7)
  3 iguanas
  12 orc wizards
  A mummy (Ossuary)
  A howler monkey zombie (D:6)
  A howler monkey skeleton (D:6)
  10 adders
  5 gnolls
  5 white imps
  2 ufetubi
  An adder skeleton (D:4)
  A worm (D:2)
  A dart slug (D:3)
  43 orcs
  9 bats
  6 endoplasms
  3 goblins
  6 hobgoblins
  15 kobolds
  A quokka (D:1)
  A ball python (D:1)
  3 frilled lizards (D:1)
  9 gnoll skeletons (Ossuary)
  3 kobold skeletons (Ossuary)
  13 orc skeletons (Ossuary)
  3 rats
  A spectral hobgoblin (D:1)
239 creatures vanquished.

Vanquished Creatures (others)
  A howler monkey (D:8)
  2 fungi (Lair:1)
  4 plants (Lair:1)
7 creatures vanquished.

Grand Total: 246 creatures vanquished

Notes
Turn   | Place    | Note
-------+----------+-------------------------------------------
     0 | D:1      | ticklebelly the Minotaur Berserker began the quest for the
                  | Orb.
     0 | D:1      | Reached XP level 1. HP: 19/19 MP: 0/0
   374 | D:1      | Reached XP level 2. HP: 27/27 MP: 1/1
   498 | D:1      | Found a faded altar of an unknown god.
  1364 | D:2      | Found a shimmering altar of Xom.
  1480 | D:2      | Reached XP level 3. HP: 14/34 MP: 2/2
  2398 | D:3      | Reached ** piety under Trog
  2400 | D:3      | Reached skill level 5 in Fighting
  2400 | D:3      | Reached skill level 5 in Axes
  2400 | D:3      | Reached XP level 4. HP: 26/42 MP: 3/3
  3251 | D:3      | Reached XP level 5. HP: 22/48 MP: 4/4
  3903 | D:4      | Reached XP level 6. HP: 50/57 MP: 5/5
  4483 | D:4      | Found a hazy altar of Hepliaklqana.
  4744 | D:4      | Reached XP level 7. HP: 66/66 MP: 6/6
  5178 | D:4      | Reached *** piety under Trog
  5528 | D:5      | Entered Level 5 of the Dungeon
  5617 | D:5      | Noticed Eustachio
  5628 | D:5      | Killed Eustachio
  5759 | D:5      | Found a sparkling altar of Nemelex Xobeh.
  5781 | D:5      | Reached XP level 8. HP: 48/74 MP: 7/7
  6007 | D:5      | Reached skill level 5 in Armour
  6125 | D:5      | Noticed Duvessa
  6137 | D:5      | Killed Duvessa
  6138 | D:5      | Noticed Dowan
  6143 | D:5      | Killed Dowan
  6306 | D:5      | Noticed Grinder
  6306 | D:5      | Noticed Edmund
  6316 | D:5      | Killed Grinder
  6326 | D:5      | Killed Edmund
  6498 | D:5      | Found a staircase to the Ecumenical Temple.
  6884 | D:6      | Reached XP level 9. HP: 80/84 MP: 8/8
  6912 | D:6      | Noticed Blork the orc
  6925 | D:6      | Killed Blork the orc
  7107 | D:6      | Found a sand-covered staircase.
  7125 | Ossuary  | Entered an ossuary
  7141 | Ossuary  | Reached **** piety under Trog
  7321 | Ossuary  | Reached skill level 5 in Dodging
  7500 | D:6      | Reached skill level 10 in Fighting
  7500 | D:6      | Reached skill level 10 in Axes
  7750 | D:6      | Noticed Sigmund
  7765 | D:6      | Killed Sigmund
  7932 | D:6      | Found a hide-covered altar of Uskayaw.
  7936 | D:6      | Reached ***** piety under Trog
  8264 | D:7      | Found a sacrificial altar of Ru.
  8343 | D:7      | Found a shimmering blue altar of Sif Muna.
  8464 | D:7      | Found an ornate altar of the Wu Jian Council.
  8825 | D:7      | Reached XP level 10. HP: 47/95 MP: 9/9
  9197 | D:8      | Found a stormy altar of Qazlal.
  9558 | D:8      | Found a staircase to the Lair.
  9680 | D:8      | Found a shadowy altar of Dithmenos.
  9709 | D:8      | Found Maol's Assorted Antiques.
  9883 | D:8      | Found the +0 staff of Battle
 10345 | D:9      | Found Captouto's Jewellery Boutique.
 10592 | D:9      | Reached skill level 1 in Shields
 10636 | D:9      | Found a broken altar of Ashenzari.
 11132 | D:10     | Entered Level 10 of the Dungeon
 11404 | D:10     | Received a gift from Trog
 11593 | D:10     | Noticed a two-headed ogre
 11696 | Lair:1   | Entered Level 1 of the Lair of Beasts
 11777 | Lair:1   | Noticed Urug
 11800 | Lair:1   | Killed Urug
 11829 | Lair:1   | Reached XP level 11. HP: 18/105 MP: 10/10
 12164 | Lair:1   | HP: 4/105 [poisoned by a cane toad]
 12165 | Lair:1   | HP: 1/157 [poisoned by a cane toad]
 12166 | Lair:1   | Succumbed to a cane toad's poison

Illustrated notes

Levels and vault maps discovered:
D:1:      minmay_arrival_nine_rooms, layout_loops_corners,
          dreamdust_ecumenical_altar_drowned_temple, corexii_corridor_pit,
          st_stairs_4
D:2:      layout_loops_ring, basic_altar, chequers_serial_rivers_micro_a
D:3:      layout_rooms, wad_orctagon
D:4:      layout_loops_ring, kennysheep_mini, kennysheep_cluttered_room,
          hangedman_decor_riveting, roderic_lattice_a,
          kennysheep_generic_room_13
D:5:      layout_loops_ring, nemelex_xobeh_ov_fountains_minmay,
          minmay_temple_entry_nine_rooms, uniq_edmund, uniq_eustachio,
          uniq_duvessa, uniq_grinder
D:6:      layout_loops_cross, nicolae_uskayaw_dance_studio,
          nicolae_ossuary_entry_ruins, uniq_sigmund, uniq_blork_the_orc
D:7:      layout_gridville, mainiacjoe_overflow_24_doors,
          overflow_temple_1_default, nicolae_ru_awakened_eye
D:8:      layout_loops_ring, old_standard_altar, lemuel_crystal_altar,
          lair_entry_dummy, serial_shops, nicolae_take_the_stairs,
          hellmonk_guarded_unrand_staff_of_battle
D:9:      layout_roguey, nicolae_ashenzari_panopticon, serial_shops,
          nicolae_stop_n_shop_2
D:10:     layout_irregular_city, mainiacjoe_overflow_alcove_2, vehumet_statue,
          serial_shops, shop, centaur_isle
Lair:1:   layout_regular_city, beast_lair_carwin_10, serial_bayou_shore_a,
          grunt_megastairs_5, infiniplex_staircase_pool_2, lemuel_fruit_tree,
          uniq_urug

Skill      XL: |  1  2  3  4  5  6  7  8  9 10 |
---------------+-------------------------------+-----
Fighting       | 4 5 6 7 8 9 11 12 | 12.5
Axes           | 4 5 6 7 8 9 11 12 | 12.5
Armour         | 3 4 5 6 8 |  8.0
Dodging        | 4 6 |  6.0
Shields        | 4 |  4.4

Action                   |  1- 3 |  4- 6 |  7- 9 | 10-12 || total
-------------------------+-------+-------+-------+-------++-------
Melee: Hand axe          |    78 |   108 |    23 |       ||   209
       Headbutt          |    11 |    22 |    55 |    39 ||   127
       War axe           |       |       |   282 |   192 ||   474
Invok: Berserk           |     1 |     2 |     6 |     2 ||    11
       Trog's Hand       |       |       |       |     2 ||     2
 Stab: Sleeping          |       |       |     9 |     4 ||    13
       Distracted        |       |       |       |     1 ||     1
Armor: Leather armour    |    20 |     7 |       |       ||    27
       Animal skin       |     1 |       |       |       ||     1
       Scale mail        |       |    24 |    74 |       ||    98
       Shadow dragon sca |       |       |    80 |    86 ||   166
Dodge: Dodged            |    45 |    45 |   139 |    71 ||   300
Block: Buckler           |       |       |       |    57 ||    57
